 Dungeon Crawl Stone Soup version 0.29-a0-369-gd956c00756 (webtiles) character file.

Game seed: 13545254942339663905

4852 NinjaNoafa the Slinger (level 10, -8/86 HPs)
             Began as a Minotaur Hunter on May 1, 2022.
             Was an Elder of Okawaru.
             Mangled by an ancient zyme (11 damage)
             ... on level 1 of the Abyss.
             The game lasted 00:24:52 (9971 turns).

NinjaNoafa the Slinger (Minotaur Hunter)            Turns: 9971, Time: 00:24:54

Health: -8/86      AC:  8    Str: 16    XL:     10   Next: 25%
Magic:  11/13      EV: 35    Int:  4    God:    Okawaru [****..]
Gold:   380        SH:  0    Dex: 18    Spells: 9/9 levels left

rFire   . . .      SeeInvis .   i - +4 dagger (chaos)
rCold   . . .      Faith    .   (no shield)
rNeg    . . .      Spirit   .   l - +2 robe {Will+}
rPois   +          Reflect  .   (helmet restricted)
rElec   .          Harm     .   w - +0 cloak {Stlth+}
rCorr   .          Rampage  .   g - +2 pair of gloves
Will    +....                   (no boots)
Stlth   ++++++....              x - amulet of the acrobat
HPRegen 0.00/turn               a - ring of wizardry
MPRegen 0.13/turn               y - ring of poison resistance

@: heroic, acrobatic, sick, slowed, very slow
A: horns 2, retaliatory headbutt, talons 1, dopey 1, mutation resistance 1
a: Renounce Religion, Heroism, Finesse


You were on level 1 of the Abyss.
You worshipped Okawaru.
Okawaru was greatly pleased with you.
You visited 2 branches of the dungeon, and saw 10 of its levels.
You visited the Abyss 1 time.

You collected 529 gold pieces.
You spent 149 gold pieces at shops.

Inventory:

Hand Weapons
 i - a +4 dagger of chaos (weapon)
 m - a +6 hunting sling of flaming
Missiles
 d - 4 curare-tipped darts
 o - 24 poisoned darts
 p - 2 silver boomerangs (quivered)
 q - 10 boomerangs
 t - 2 datura-tipped darts
Armour
 g - a +2 pair of gloves (worn)
 k - a +2 robe of fire resistance
 l - a +2 robe of willpower (worn)
 w - a +0 cloak of stealth (worn)
Jewellery
 a - a ring of wizardry (left hand)
 x - an amulet of the acrobat (around neck)
 y - a ring of poison resistance (right hand)
Scrolls
 c - 5 scrolls of immolation
 h - 3 scrolls of magic mapping
Potions
 b - a potion of lignification
 j - 2 potions of degeneration
 n - a potion of flight


   Skills:
 - Level 7.0(12.0) Fighting
 - Level 5.0(10.0) Short Blades
 * Level 8.4(13.9) Slings
 - Level 3.6(11.1) Throwing
 * Level 7.3(12.3) Dodging
 + Level 5.5(10.5) Stealth
 + Level 6.2 Invocations


You had 9 spell levels left.
You didn't know any spells.
Your spell library contained the following spells:

 Spells                   Type           Power      Damage    Failure   Level
 Foxfire                  Conj/Fire      0%         2x1d4     22%         1
 Magic Dart               Conj           0%         1d3       22%         1
 Conjure Flame            Conj/Fire      0%         6-21      52%         3
 Ignite Poison            Fire/Tmut/Pois 0%         N/A       52%         3
 Inner Flame              Hex/Fire       0%         N/A       52%         3
 Flame Wave               Conj/Fire      0%         2d4       89%         4
 Sticky Flame             Conj/Fire      0%         2d3       89%         4
 Eringya's Noxious Bog    Tmut/Pois      0%         N/A       100%        6
 Summon Forest            Summ/Tloc      Unusable   N/A       N/A         5
 Summon Hydra             Summ           Unusable   N/A       N/A         7

Dungeon Overview and Level Annotations

Branches:
Dungeon (9/15)             Temple (1/1) D:5            Lair (0/6) D:8
    Orc: D:9-12

Altars:
Ashenzari
Cheibriados
Dithmenos
Fedhas
Gozag
Hepliaklqana
Makhleb
Okawaru
Qazlal
Ru
Sif Muna
Trog
Uskayaw
Vehumet
Wu Jian
Xom
Zin
The Shining One

Shops:
D:2 (   D:4 *(   D:5 [


Innate Abilities, Weirdness & Mutations

You have a pair of horns on your head.
You reflexively headbutt those who attack you in melee.
You have sharp toenails.
You are dopey. (Int -2)
You are somewhat resistant to further mutation.


Message History

The hell hound looks frightened!
The ancient zyme is unaffected.
The wraith is unaffected.
The wraith hits you.
You feel ill.
You are too injured to fight recklessly!
The ancient zyme attacks as you move away!
The ancient zyme completely misses you.
The ancient zyme hits you but does no damage.
The wraith attacks as you move away! The wraith completely misses you.
Your +6 hunting sling of flaming stops flaming.
Your +4 dagger of chaos is briefly surrounded by a scintillating aura of random colours.
i - a +4 dagger of chaos (weapon)
You hit the wraith. You claw the wraith, but do no damage.
The wraith is lightly damaged.
The wraith hits you. The wraith drains your vigour!
You feel yourself slow down. The ancient zyme barely misses you.
The ancient zyme closely misses you.
Okay, then.
You gain the combat prowess of a mighty hero.
The large abomination misses you. The wraith hits you!
The ancient zyme misses you. The ancient zyme barely misses you.
The large abomination hits you!!
* * * LOW HITPOINT WARNING * * *
The wraith barely misses you. The ancient zyme completely misses you.
The ancient zyme hits you.
* * * LOW HITPOINT WARNING * * *
The ancient zyme attacks as you move away!
The ancient zyme barely misses you. The ancient zyme closely misses you.
A sixfirhy comes into view.
You feel ill.
The large abomination completely misses you.
The sixfirhy moves out of view.
Okay, then.
The large abomination attacks as you move away!
The large abomination completely misses you.
You furiously retaliate!
You headbutt the large abomination!
A ynoxinul comes into view.
The wraith hits you but does no damage. The ancient zyme misses you.
You furiously retaliate!
You headbutt the ancient zyme. The ancient zyme hits you!
You die...

...............# .#
................. #
.....#.....#......#
#...###...###....
..3..#.....#....#
................#
................#
.......WxX.......
....#.@...#.....
...###...###...# ..
.....# ....
........ ..#
............#
............
...#.....#...
...###...###3.


You could see an ancient zyme, a large abomination, a sixfirhy (wandering), a
ynoxinul (wandering) and a wraith.

Vanquished Creatures
  An elephant (D:8)
  Psyche (D:8)
  A large abomination (Abyss:1)
  5 yaks
  2 basilisks (D:8)
  2 steam dragons (D:8)
  A neqoxec (Abyss:1)
  Menkaure (D:4)
  Edmund (D:5)
  A water moccasin (D:8)
  An orc warrior (D:8)
  An ice beast (D:5)
  2 sky beasts
  3 black bears
  2 centaurs
  3 ogres
  2 phantoms
  A bullfrog (D:8)
  A gnoll sergeant (D:9)
  A necrophage (D:6)
  2 scorpions (D:5)
  5 wights (D:9)
  A howler monkey (D:7)
  A quasit (Abyss:1)
  2 jellies
  2 hounds
  4 iguanas
  7 orc priests
  6 orc wizards
  A mummy (D:6)
  8 gnolls
  5 adders
  2 white imps
  An ufetubus (D:6)
  5 worms
  3 dart slugs
  33 orcs
  12 ball pythons
  12 endoplasms
  5 giant cockroaches
  8 goblins
  6 hobgoblins
  9 jackals
  5 quokkas
  4 bats
  4 frilled lizards
  10 kobolds
  3 orc zombies (D:6)
  4 rats
203 creatures vanquished.

Vanquished Creatures (others)
  2 orc wizards (D:6)
  An orc (D:8)
  A fungus (D:8)
  18 plants
22 creatures vanquished.

Grand Total: 225 creatures vanquished

Notes
Turn   | Place    | Note
-------+----------+-------------------------------------------
     0 | D:1      | NinjaNoafa the Minotaur Hunter began the quest for the Orb.
     0 | D:1      | Reached XP level 1. HP: 18/18 MP: 0/0
    95 | D:1      | Reached skill level 1 in Stealth
   151 | D:1      | Reached XP level 2. HP: 22/25 MP: 1/1
   371 | D:1      | Found a faded altar of an unknown god.
  1127 | D:1      | Reached XP level 3. HP: 30/30 MP: 2/2
  1298 | D:2      | Found Cyggiomp's Weapon Shop.
  1813 | D:3      | Reached skill level 5 in Slings
  1820 | D:3      | Reached XP level 4. HP: 38/38 MP: 3/3
  2067 | D:3      | You fall into a shaft and drop 3 floors!
  2124 | D:6      | Reached XP level 5. HP: 29/45 MP: 4/4
  2368 | D:6      | Reached XP level 6. HP: 49/52 MP: 5/5
  2587 | D:5      | Entered Level 5 of the Dungeon
  2792 | D:5      | Noticed Edmund
  2829 | D:5      | Noticed an ice beast
  2835 | D:5      | Killed an ice beast
  2836 | D:5      | Reached skill level 6 in Slings
  2836 | D:5      | Reached XP level 7. HP: 60/60 MP: 6/6
  2845 | D:5      | Reached skill level 5 in Fighting
  2845 | D:5      | Reached skill level 5 in Dodging
  2906 | D:5      | Found a staircase to the Ecumenical Temple.
  2915 | Temple   | Entered the Ecumenical Temple
  3153 | Temple   | Became a worshipper of Warmaster Okawaru
  3408 | D:4      | Found Konup's Overcharged Wands.
  3565 | D:4      | Found Veennygg's Weapon Shop.
  3699 | D:4      | Noticed Menkaure
  3704 | D:4      | Killed Menkaure
  3704 | D:4      | Reached * piety under Okawaru
  3705 | D:4      | Reached skill level 7 in Slings
  3705 | D:4      | Reached XP level 8. HP: 68/68 MP: 7/7
  4043 | D:4      | Gained mutation: You have sharp toenails. [potion of
                  | mutation]
  4043 | D:4      | Gained mutation: You are dopey. (Int -2) [potion of
                  | mutation]
  4043 | D:4      | Gained mutation: You are somewhat resistant to further
                  | mutation. [potion of mutation]
  4554 | D:5      | Killed Edmund
  5007 | D:5      | Reached skill level 1 in Invocations
  5083 | D:5      | Found a glowing golden altar of the Shining One.
  5140 | D:5      | Found a glowing silver altar of Zin.
  5253 | D:5      | Found Uvecufi's Armour Boutique.
  5262 | D:5      | Bought a +0 cloak of stealth for 149 gold pieces
  5424 | D:6      | Found a blossoming altar of Fedhas.
  5463 | D:6      | Found a shadowy altar of Dithmenos.
  5610 | D:6      | Reached skill level 5 in Invocations
  5679 | D:6      | Reached ** piety under Okawaru
  5690 | D:6      | Found a shimmering blue altar of Sif Muna.
  6004 | D:6      | Got Sif Muna's Papyrus of Combat Magic
  6575 | D:7      | Reached XP level 9. HP: 74/74 MP: 11/11
  6982 | D:7      | Found a stormy altar of Qazlal.
  7301 | D:8      | Reached skill level 5 in Stealth
  7451 | D:8      | Noticed Psyche
  7464 | D:8      | Noticed an elephant
  7465 | D:8      | Killed Psyche
  7481 | D:8      | HP: 3/74 [bullfrog (1)]
  7938 | D:8      | Reached skill level 8 in Slings
  7942 | D:8      | Reached skill level 1 in Throwing
  8051 | D:8      | Killed an elephant
  8051 | D:8      | Reached *** piety under Okawaru
  8368 | D:8      | Found a staircase to the Lair.
  8900 | D:8      | Found an ornate altar of the Wu Jian Council.
  9023 | D:8      | Reached XP level 10. HP: 86/86 MP: 13/13
  9451 | D:9      | Reached skill level 5 in Short Blades
  9461 | D:9      | Reached **** piety under Okawaru
  9703 | D:9      | Cast into level 1 of the Abyss (gnoll)
  9704 | Abyss:1  | Found a corrupted altar of Lugonu.
  9808 | Abyss:1  | Noticed a tentacled starspawn
  9886 | Abyss:1  | Noticed a smoke demon
  9887 | Abyss:1  | Noticed a deep elf elementalist
  9952 | Abyss:1  | Noticed a large abomination
  9969 | Abyss:1  | HP: 3/86 [ancient zyme (5)]
  9970 | Abyss:1  | Noticed a sixfirhy
  9971 | Abyss:1  | Mangled by an ancient zyme

Illustrated notes

Levels and vault maps discovered:
D:1:      nzn_arrival_settlement, layout_loops_corners,
          shapermc_ecumenical_altar_hornbeckon
D:2:      layout_rooms, serial_shops, shop, minmay_misc_feat_hallway
D:3:      layout_rooms, minmay_bisected
D:4:      layout_loops_ring, serial_shops, shop, serial_bayou,
          serial_bayou_shore_b, serial_bayou_ford_a, serial_bayou_pond_b,
          serial_bayou_pond_e, serial_bayou_pond_d, serial_bayou_lake_a,
          serial_bayou_pond_e, nicolae_shop_overcharged_wands, uniq_menkaure
D:5:      layout_cave_pools, zin_statuary, mainiacjoe_overflow_surrounded_room,
          lemuel_temple_firewalk_a, serial_shops, nicolae_lakefront_shop,
          st_stairs_8, hex_medium, uniq_edmund
D:6:      layout_loops_ring, grunt_dithmenos_shadows, fedhas_altar_1,
          led_sif_book, ebering_dispersal_statue_hall, minmay_statues_item,
          minmay_misc_feat_plants, minmay_mini_ossuary
D:7:      layout_loops_corners, lemuel_coloured_pillars_altar,
          chequers_decorated_corner
D:8:      layout_basic, old_standard_altar, david_lair_generic, uniq_psyche
D:9:      layout_irregular_city, elyvilon_altar_5
Temple:   minmay_temple_curvy_loop
Abyss:1:  base:
Temple

Skill      XL: |  1  2  3  4  5  6  7  8  9 10 |
---------------+-------------------------------+-----
Stealth        | 1 2 3 4 5 |  5.5
Dodging        | 3 4 5 6 7 |  7.3
Fighting       | 3 4 5 7 |  7.0
Slings         | 5 6 7 8 |  8.4
Invocations    | 5 6 |  6.2
Throwing       | 3 |  3.6
Short Blades   | 3 5 |  5.0

Action                   |  1- 3 |  4- 6 |  7- 9 | 10-12 || total
-------------------------+-------+-------+-------+-------++-------
Melee: Whip              |       |    16 |       |       ||    16
       Headbutt          |       |     3 |     3 |     6 ||    12
       Short sword       |       |       |     5 |       ||     5
       Kick              |       |       |    12 |    15 ||    27
       Dire flail        |       |       |    10 |       ||    10
       Hunting sling     |       |       |     1 |       ||     1
       Dagger            |       |       |     8 |    32 ||    40
       Unarmed           |       |       |     6 |       ||     6
       Punch             |       |       |       |     1 ||     1
 Fire: Hunting sling     |   137 |   103 |   329 |    48 ||   617
Throw: Dart              |       |       |     8 |     2 ||    10
       Boomerang         |       |       |       |     7 ||     7
Invok: Heroism           |       |       |     1 |     1 ||     2
  Use: Potion            |       |     8 |     8 |     1 ||    17
       Scroll            |       |    10 |     6 |     5 ||    21
 Stab: Confused          |       |       |       |     2 ||     2
Armor: Leather armour    |    14 |    21 |       |       ||    35
       Skin              |       |    16 |    14 |       ||    30
       Robe              |       |    12 |    45 |     3 ||    60
Dodge: Dodged            |    21 |    69 |   134 |    69 ||   293

Table legend: (Time is in decaauts)
 A = Elapsed time spent in this place.
 B = Non-inter-level travel time spent in this place.
 C = Inter-level travel time spent in this place.
 D = Time resting spent in this place.
 E = Time spent auto-exploring this place.
 F = Levels seen in this place.
 G = Mean time per level.
                   A        B        C        D        E       F      G
               +--------+--------+--------+--------+--------+-----+--------+
         Total |  10112 |   9462 |    650 |    950 |   6831 |  11 |  919.3 |
       Dungeon |   9584 |   8999 |    585 |    820 |   6640 |   9 | 1064.9 |
        Temple |    261 |    196 |     65 |      0 |    191 |   1 |  261.0 |
         Abyss |    266 |    266 |      0 |    130 |      0 |   1 |  266.0 |
               +--------+--------+--------+--------+--------+-----+--------+

Top non-repeatable levels by time:
     D:7: 1593 daAuts
     D:8: 1423 daAuts
     D:1: 1283 daAuts
     D:6: 1268 daAuts
     D:5: 1260 daAuts
     D:4: 982 daAuts
     D:3: 678 daAuts
     D:9: 571 daAuts
     D:2: 522 daAuts
 Abyss:1: 266 daAuts
  Temple: 261 daAuts
